 Dungeon Crawl Stone Soup version 0.31-a0-506-g3d79149578 (webtiles) character file.

Game seed: 8819236545753487125

23128 Ethylacetat the Carver (level 13, 0/90 HPs)
             Began as an Octopode Gladiator on Aug 8, 2023.
             Was an Initiate of Gozag.
             Slain by a large slime creature (39 damage)
             ... on level 12 of the Dungeon on Aug 9, 2023.
             The game lasted 00:47:22 (11171 turns).

Ethylacetat the Carver (Octopode Gladiator)        Turns: 11171, Time: 00:47:22

Health: 0/90       AC:  1    Str: 13    XL:     13   Next: 4%
Magic:  13/13      EV: 28    Int: 12    God:    Gozag
Gold:   519        SH:  9    Dex: 29    Spells: 10/12 levels left

rFire   . . .        J - +11 Singing Sword {sonic wave}
rCold   + + .        p - +2 buckler
rNeg    . . .        b - melded +0 hat
rPois   +            (no amulet)
rElec   .            n - +6 ring of dexterity
rCorr   .            t - ring of poison resistance
SInv    +            x - +6 ring of dexterity
Will    +....        P - ring of see invisible
Stlth   +++++        d - +5 ring of evasion
HPRegen 0.35/turn    y - ring of protection from cold
MPRegen 0.13/turn    R - ring of willpower
                     S - ring of protection from cold

%: no passive effects
@: beast-form
A: beast (slay +4), almost no armour, amphibious, 8 rings, camouflage 1,
gelatinous body 1, (nimble swimmer 1), tentacles, subdued magic 1
a: Begin Untransformation, Renounce Religion, Potion Petition, Call Merchant,
Bribe Branch


You were on level 12 of the Dungeon.
You worshipped Gozag.
Gozag was pleased with you.
You were a hulking beast.
You visited 2 branches of the dungeon, and saw 13 of its levels.
You also visited: Gauntlet and Ice Cave.

You collected 2905 gold pieces.
You spent 640 gold pieces at shops.
You paid 1746 gold pieces to Gozag.

Inventory:

Hand Weapons
 J - the +11 Singing Sword (weapon) {sonic wave}
   (You found it on level 7 of the Dungeon)
 N - the +0 shortbow "Foatarch" {speed, *Slow rC++ Will++}
   (You bought it in a shop on level 9 of the Dungeon)

   rC++:      It greatly protects you from cold.
   Will++:    It greatly increases your willpower.
   *Slow:     It may slow you when you take damage.
 Q - a +0 rapier of venom
Missiles
 c - 4 throwing nets (quivered)
Armour
 b - a +0 hat (melded)
 p - a +2 buckler (worn)
Jewellery
 d - a +5 ring of evasion (on tentacle)
 n - a +6 ring of dexterity (left tentacle)
 t - a ring of poison resistance (right tentacle)
 x - a +6 ring of dexterity (on tentacle)
 y - a ring of protection from cold (on tentacle)
 B - the ring "Seal Ynt" {Ice rN+}
   (You found it in a Gauntlet)

   [ring of ice]

   Ice:       It enhances your ice magic.
   rF-:       It makes you vulnerable to fire.
   rC+:       It protects you from cold.
   rN+:       It protects you from negative energy.
 P - a ring of see invisible (on tentacle)
 R - a ring of willpower (on tentacle)
 S - a ring of protection from cold (on tentacle)
 W - a ring of magical power
Talismans
 l - a beast talisman (active)
Wands
 a - a wand of roots (4)
 C - a wand of mindburst (11)
 H - a wand of flame (24)
 K - a wand of digging (6)
 O - a wand of charming (3)
Scrolls
 e - a scroll of noise {unknown}
 f - 2 scrolls of brand weapon {unknown}
 g - 2 scrolls of fear {unknown}
 h - 2 scrolls of poison {unknown}
 k - 9 scrolls of teleportation
 s - a scroll of blinking
 w - 2 scrolls of fog
 D - 4 scrolls of enchant weapon
 E - 2 scrolls of immolation
 I - a scroll of butterflies {unknown}
 M - 2 scrolls of revelation
Potions
 i - 2 potions of lignification
 j - 2 potions of haste
 m - 3 potions of cancellation
 q - 4 potions of attraction
 r - a potion of enlightenment
 z - 3 potions of curing
 A - a potion of might
 F - 4 potions of heal wounds
 G - a potion of magic
 L - 2 potions of ambrosia
 Y - 2 potions of berserk rage
Miscellaneous
 U - a phial of floods
 V - a sack of spiders


   Skills:
 + Level 9.5 Fighting
 * Level 10.8 Long Blades
 - Level 2.0 Throwing
 + Level 9.7 Dodging
 - Level 7.5 Stealth
 - Level 3.1 Shields
 + Level 10.6 Shapeshifting


You had 10 spell levels left.
You knew the following spells:

 Your Spells              Type           Power      Damage    Failure   Level
a - Wereblood             Tmut           0%         N/A       52%         2

Your spell library contained the following spells:

 Spells                   Type           Power      Damage    Failure   Level
 Apportation              Tloc           0%         N/A       36%         1
 Freeze                   Ice            0%         1d3       36%         1
 Necrotise                Necr           0%         1d4       36%         1
 Shock                    Conj/Air       0%         1d3       36%         1
 Summon Small Mammal      Summ           0%         N/A       36%         1
 Blink                    Tloc           0%         N/A       52%         2
 Lesser Beckoning         Tloc           0%         N/A       52%         2
 Momentum Strike          Conj/Tloc      0%         3d8       52%         2
 Sublimation of Blood     Necr           0%         N/A       52%         2
 Call Canine Familiar     Summ           0%         N/A       77%         3
 Frozen Ramparts          Ice            0%         1d1       77%         3
 Hailstorm                Conj/Ice       0%         3d3       77%         3
 Portal Projectile        Hex/Tloc       0%         N/A       77%         3
 Summon Guardian Golem    Hex/Summ       0%         N/A       77%         3
 Swiftness                Air            0%         N/A       77%         3
 Airstrike                Air            0%         2d(0-16)  99%         4
 Leda's Liquefaction      Hex/Erth       0%         N/A       99%         4
 Petrify                  Tmut/Erth      0%         N/A       99%         4
 Alistair's Intoxication  Tmut/Pois      0%         N/A       100%        5
 Freezing Cloud           Conj/Ice/Air   0%         6-21      100%        5
 Irradiate                Conj/Tmut      0%         3d11      100%        5
 Summon Forest            Summ/Tloc      0%         N/A       100%        5
 Eringya's Noxious Bog    Tmut/Pois      0%         4d6       100%        6
 Ozocubu's Refrigeration  Ice            0%         4d7       100%        7
 Summon Hydra             Summ           0%         N/A       100%        7
 Polar Vortex             Ice            0%         N/A       100%        9


Dungeon Overview and Level Annotations

Branches:
Dungeon (12/15)            Temple (1/1) D:5            Lair (0/5) D:11
    Orc (0/2) D:10          IceCv (visited)         Gauntlet (visited)

Altars:
Ashenzari
Cheibriados
Dithmenos
Elyvilon
Fedhas
Gozag
Hepliaklqana
Kikubaaqudgha
Makhleb
Nemelex Xobeh
Okawaru
Qazlal
Ru
Sif Muna
Trog
Uskayaw
Vehumet
Wu Jian
Xom
Yredelemnul
Zin
The Shining One

Shops:
D:8 [   D:9 ((([   D:12 !?


Innate Abilities, Weirdness & Mutations

You are a hulking beast.
Your limbs bulge with bestial killing power. (Slay +4)
You cannot wear most types of armour.
You are amphibious.
You can wear up to eight rings at the same time.
Your skin changes colour to match your surroundings (Stealth+).
Your rubbery body absorbs attacks. (AC +1, EV +1)
((You are camouflaged when in or above water. (Stealth+)))
You have tentacles for arms and can constrict up to eight enemies at once.
Your spells are a little easier to cast, but a little less powerful.


Message History

You see here a +2 whip of holy wrath.
You open the door.
There is an open door here.
You open the door. 6 slime creatures come into view.
The slime creature quivers.
There is an open door here.
You block the slime creature's attack.
Two slime creatures merge to form a large slime creature.
The slime creature quivers. x3
You slice the large slime creature!!
The large slime creature is lightly wounded.
You slice the large slime creature!! You squeeze the large slime creature.
The large slime creature is moderately wounded.
A large slime creature splits.
Two slime creatures merge to form a large slime creature.
The slime creature completely misses you.
You hit the large slime creature. You squeeze the large slime creature.
The large slime creature is moderately wounded.
Two slime creatures merge to form a large slime creature.
You slice the large slime creature!!
The large slime creature is heavily wounded.
The slime creature hits you!! You block the slime creature's attack.
Unknown command.
You slice the large slime creature!!
The Singing Sword sings a slow and mournful tune.
You send a blast of sound all around you.
The slime creature is severely wounded.
The large slime creature is severely wounded.
The large slime creature is lightly wounded.
The slime creature is moderately wounded.
You squeeze the large slime creature!
The large slime creature is almost dead.
The slime creature completely misses you.
The large slime creature hits you!!
The slime creature completely misses you.
You block the large slime creature's attack.
The large slime creature hits you!!!
You die...
Your body crumbles into a pile of gold.

*,$,,,,,* #∩(......
#.......# #.#......
#.......# *#.#......
#.......#**..#......
#.......#,..##......
#.......+.##*#......
#.......##* #......
#.JJJ...# #.)....
#..hJ...# #......
###'##### #.<....
#.# ##.#### #.#
##..### #.## #......
#..# #...^.. ####'##
#[..... #.....#
#...... #.....#
###.(....


You could see 2 large slime creatures and 2 slime creatures.

Vanquished Creatures
  A minotaur (Gauntlet)
  A boulder beetle (D:12)
  4 two-headed ogres
  A thrashing horror (Gauntlet)
  A sixfirhy (Gauntlet)
  5 skeletal warriors (D:12)
  3 ugly things
  A moth of wrath (Gauntlet)
  A manticore (D:11)
  A cyclops (D:11)
  3 ice statues (IceCv)
  An unseen horror (D:12)
  2 komodo dragons (D:11)
  2 rime drakes (D:11)
  A troll (D:11)
  3 slime creatures (D:12)
  2 centaur simulacra (D:11)
  A dire elephant simulacrum (IceCv)
  2 wraiths
  2 vampires
  2 shadows
  4 wyverns
  17 yaks
  A basilisk (D:11)
  4 vampire mosquitoes (D:12)
  A hydra simulacrum (IceCv)
  An acid dragon (D:9)
  2 water moccasins (D:6)
  A swamp drake (D:11)
  4 orc warriors
  4 ice beasts
  A black bear (D:7)
  2 sky beasts (D:7)
  4 centaurs
  3 ogres
  4 wolves (Gauntlet)
  2 kobold brigands
  3 phantoms
  4 bullfrogs
  3 gnoll sergeants
  2 cane toad simulacra (IceCv)
  3 small abominations (Gauntlet)
  5 scorpions
  5 howler monkeys
  4 electric eels (D:11)
  8 orc priests
  7 hounds
  3 jellies
  A sleepcap (D:7)
  7 orc wizards
  3 iguanas
  A polar bear simulacrum (IceCv)
  A statue (D:9)
  3 wolf simulacra (IceCv)
  17 adders
  17 gnolls
  8 river rats (D:6)
  A shadow imp (D:7)
  5 white imps
  4 ufetubi
  3 worms
  4 dart slugs
  34 orcs
  7 ball pythons
  5 bats
  7 endoplasms
  3 giant cockroaches
  4 hobgoblins
  4 jackals (D:3)
  7 quokkas
  2 frilled lizards
  9 goblins
  19 kobolds
  14 rats
332 creatures vanquished.

Notes
Turn   | Place    | Note
-------+----------+-------------------------------------------
     0 | D:1      | Ethylacetat the Octopode Gladiator began the quest for the
                  | Orb.
     0 | D:1      | Reached XP level 1. HP: 14/14 MP: 1/1
    10 | D:1      | Noticed a bullfrog
   216 | D:1      | Reached skill level 1 in Stealth
   219 | D:1      | Reached XP level 2. HP: 14/19 MP: 2/2
   653 | D:2      | Reached XP level 3. HP: 21/25 MP: 3/3
   677 | D:2      | Identified the +2 pair of gloves of the Spheres {+Blink
                  | rCorr Dex-3 Slay+5}
  1021 | D:2      | HP: 1/25 [poisoned by an adder]
  1221 | D:2      | Reached XP level 4. HP: 21/30 MP: 4/4
  1627 | D:3      | Noticed an ogre
  1640 | D:3      | Killed an ogre
  1641 | D:3      | Reached skill level 1 in Shapeshifting
  1641 | D:3      | Reached XP level 5. HP: 36/36 MP: 5/5
  2713 | D:4      | Found a hide-covered altar of Uskayaw.
  2713 | D:4      | Found a burning altar of Makhleb.
  2923 | D:4      | Reached XP level 6. HP: 42/42 MP: 6/6
  3077 | D:4      | Reached XP level 7. HP: 44/47 MP: 7/7
  3100 | D:4      | Identified the +6 falchion of Wyrd {flame, Contam Will+
                  | rCorr}
  3522 | D:5      | Entered Level 5 of the Dungeon
  3613 | D:5      | Reached skill level 5 in Stealth
  3972 | D:5      | Reached XP level 8. HP: 27/54 MP: 8/8
  4063 | D:5      | Found a staircase to the Ecumenical Temple.
  4072 | Temple   | Entered the Ecumenical Temple
  4088 | Temple   | Became a worshipper of Gozag Ym Sagoz the Greedy
  4110 | D:5      | Reached skill level 5 in Dodging
  4514 | D:5      | Reached skill level 1 in Shields
  4746 | D:6      | Reached skill level 5 in Fighting
  4883 | D:6      | Reached skill level 5 in Shapeshifting
  4912 | D:6      | Reached XP level 9. HP: 61/61 MP: 9/9
  5054 | D:6      | Learned a level 2 spell: Wereblood
  5711 | D:7      | Found the +11 Singing Sword {sonic wave}
  5722 | D:7      | Gained mutation: Your spells are a little easier to cast,
                  | but a little less powerful. [mutagenic glow]
  6081 | D:7      | Reached XP level 10. HP: 66/69 MP: 10/10
  6319 | D:8      | Noticed a two-headed ogre
  6328 | D:8      | Killed a two-headed ogre
  6365 | D:8      | Found a shadowy altar of Dithmenos.
  6379 | D:8      | Found Itak's Antique Armour Shop.
  6409 | D:8      | Found a glowing golden altar of the Shining One.
  6421 | D:8      | Found a basalt altar of Yredelemnul.
  6428 | D:8      | Found an ancient bone altar of Kikubaaqudgha.
  6847 | D:9      | Reached skill level 5 in Long Blades
  6849 | D:9      | Noticed a two-headed ogre
  6862 | D:9      | Killed a two-headed ogre
  6967 | D:9      | Noticed a two-headed ogre
  6979 | D:9      | Killed a two-headed ogre
  6996 | D:9      | Found Osedom's Weapon Emporium.
  7017 | D:9      | Found Ginwip's Antique Weapon Boutique.
  7026 | D:9      | Bought a crude shortbow for 272 gold pieces
  7026 | D:9      | Identified the +0 shortbow "Foatarch" {speed, *Slow rC++
                  | Will++} (You bought it in a shop on level 9 of the Dungeon)
  7084 | D:9      | Found Esum's Armour Emporium.
  7134 | D:9      | Found a broken altar of Ashenzari.
  7142 | D:9      | Saw a vision of the Shoals and the Spider Nest.
  7142 | D:9      | Noticed a demonic crawler
  7142 | D:9      | Noticed a demonic crawler
  7142 | D:9      | Noticed an emperor scorpion
  7142 | D:9      | Noticed an entropy weaver
  7142 | D:9      | Noticed a pharaoh ant
  7142 | D:9      | Noticed a sea snake
  7142 | D:9      | Noticed an alligator snapping turtle
  7142 | D:9      | Noticed a water nymph
  7143 | D:9      | Noticed a manticore
  7145 | D:9      | Noticed a manticore
  7147 | D:9      | Noticed a wolf spider
  7147 | D:9      | Noticed a demonic crawler
  7261 | D:9      | Found Haastago's Antique Weapon Boutique.
  7338 | D:9      | Reached XP level 11. HP: 75/75 MP: 11/11
  7351 | D:9      | Found a radiant altar of Vehumet.
  7544 | D:10     | Entered Level 10 of the Dungeon
  7544 | D:10     | Noticed a two-headed ogre
  7547 | D:10     | Killed a two-headed ogre
  7605 | D:10     | Found a staircase to the Orcish Mines.
  7832 | D:10     | Identified the +4 long sword of Conformity {drain, Str-2
                  | Int+6 Dex+4}
  8063 | D:10     | You fall into a shaft and drop 2 floors!
  8090 | D:12     | Noticed a brown ugly thing
  8200 | D:12     | Killed a brown ugly thing
  8207 | D:12     | Found a gate leading to a gauntlet.
  8211 | Gauntlet | Entered a Gauntlet
  8211 | Gauntlet | Noticed a catoblepas
  8211 | Gauntlet | Found a transporter.
  8211 | Gauntlet | Found a transporter.
  8212 | Gauntlet | Noticed a moth of wrath
  8223 | Gauntlet | Found a transporter.
  8226 | Gauntlet | Found a transporter.
  8228 | Gauntlet | Noticed a sixfirhy
  8234 | Gauntlet | Found a transporter.
  8239 | Gauntlet | Found a transporter.
  8247 | Gauntlet | Noticed a thrashing horror
  8250 | Gauntlet | Found a transporter.
  8257 | Gauntlet | Found a runed translucent door.
  8263 | Gauntlet | Found a runed translucent gate.
  8264 | Gauntlet | Found a transporter.
  8264 | Gauntlet | Found a runed translucent gate.
  8265 | Gauntlet | Found a runed translucent gate.
  8266 | Gauntlet | Noticed a balrug
  8279 | Gauntlet | Found a transporter.
  8283 | Gauntlet | Found a transporter.
  8291 | Gauntlet | Found a transporter.
  8295 | Gauntlet | Found a transporter.
  8486 | Gauntlet | Killed a moth of wrath
  8531 | Gauntlet | Killed a sixfirhy
  8543 | Gauntlet | Identified the +0 crystal plate armour "Notuck" {rC++ Will+
                  | Int-5 SInv}
  8601 | Gauntlet | Identified the ring "Seal Ynt" {Ice rN+}
  8602 | Gauntlet | Killed a thrashing horror
  8720 | Gauntlet | Noticed a minotaur
  8731 | Gauntlet | Killed a minotaur
  8822 | D:12     | Noticed a skeletal warrior
  8823 | D:12     | Noticed a skeletal warrior
  8869 | D:12     | Reached XP level 12. HP: 84/84 MP: 12/12
  9146 | D:11     | Found a frozen archway.
  9162 | IceCv    | Entered an ice cave
  9371 | IceCv    | Reached skill level 10 in Shapeshifting
  9441 | IceCv    | Got the Handbook of the Deep Freeze
 10230 | D:11     | Reached skill level 10 in Long Blades
 10290 | D:11     | Found a staircase to the Lair.
 10819 | D:12     | Noticed a boulder beetle
 10830 | D:12     | Killed a boulder beetle
 10831 | D:12     | Reached XP level 13. HP: 58/90 MP: 13/13
 11037 | D:12     | Bought a scroll of identify for 32 gold pieces
 11037 | D:12     | Bought 3 scrolls of teleportation for 144 gold pieces
 11037 | D:12     | Bought a scroll of immolation for 64 gold pieces
 11037 | D:12     | Bought a scroll of identify for 32 gold pieces
 11037 | D:12     | Bought a scroll of identify for 32 gold pieces
 11037 | D:12     | Bought a scroll of fog for 64 gold pieces
 11171 | D:12     | Slain by a large slime creature

Illustrated notes

Levels and vault maps discovered:
D:1:      evilmike_arrival_come_back, layout_basic
D:2:      layout_loops_cross, minmay_surrounded
D:3:      layout_basic
D:4:      minmay_octagon_keep, layout_basic, gammafunk_temple_overflow_elements,
          chequers_serial_rivers_small_b
D:5:      layout_loops_corners, minmay_temple_entry_stoned_glass
D:6:      lemuel_ratsnest, layout_basic
D:7:      layout_rooms
D:8:      layout_cave_pools, grunt_temple_overflow_open,
          nicolae_kikubaaqudgha_miasma_corner, serial_shops,
          nicolae_shop_temple_entry_statues_fountains
D:9:      layout_loops_cross, grunt_ashenzari_visionary
          [grunt_ashenzari_visionary_shoals, grunt_ashenzari_visionary_spider],
          vehumet_statue, serial_shops, shop, shop, shop, shop
D:10:     layout_basic, minmay_orc_entry_temple_small
D:11:     layout_basic, erik_lair_dragon, serial_ice, serial_ice_d,
          serial_ice_c, serial_ice_a, serial_ice_g, portal_ice_cave_rime
D:12:     layout_roguey, gauntlet_entry_generic, kennysheep_generic_room_12
Temple:   jpeg_temple_clearing

Skill      XL: |  1  2  3  4  5  6  7  8  9 10 11 12 |
---------------+-------------------------------------+-----
Stealth        | 1 2 3 4 5 6 7 |  7.5
Fighting       | 3 4 5 6 7 8 9 |  9.5
Shapeshifting  | 1 2 4 5 6 8 9 10 | 10.6
Dodging        | 4 5 6 7 8 9 |  9.7
Shields        | 2 3 |  3.1
Long Blades    | 4 6 8 10 | 10.8
Throwing       | |  2.0

Action                     |  1- 3 |  4- 6 |  7- 9 | 10-12 | 13-15 || total
---------------------------+-------+-------+-------+-------+-------++-------
  Melee: Long sword        |    65 |    27 |       |       |       ||    92
         Constrict         |    17 |    21 |    42 |    23 |     3 ||   106
         Tentacles         |     9 |    23 |    35 |    48 |     3 ||   118
         Flail             |       |    51 |    10 |       |       ||    61
         Punch             |       |     1 |     4 |     3 |       ||     8
         Falchion          |       |       |   135 |       |       ||   135
         Double sword      |       |       |    23 |   211 |    15 ||   249
         Rapier            |       |       |       |     1 |       ||     1
  Throw: Throwing net      |       |       |       |     3 |       ||     3
 Invoke: Call Merchant     |       |       |       |       |     2 ||     2
  Evoke: Wand              |       |       |     4 |    17 |       ||    21
    Use: Scroll            |       |       |       |    14 |     6 ||    20
         Potion            |       |       |       |     2 |       ||     2
   Stab: Sleeping          |    10 |    10 |    18 |     6 |       ||    44
         Distracted        |       |       |     5 |     9 |       ||    14
         Held in net/web   |       |       |       |     3 |       ||     3
 Armour: Skin              |     4 |    12 |     3 |     2 |       ||    21
  Dodge: Dodged            |    49 |    60 |    93 |   128 |    15 ||   345
  Block: Buckler           |       |       |    22 |    56 |     5 ||    83
   Form: Beast             |     1 |       |       |       |       ||     1

Table legend: (Time is in decaauts)
 A = Elapsed time spent in this place.
 B = Non-inter-level travel time spent in this place.
 C = Inter-level travel time spent in this place.
 D = Time resting spent in this place.
 E = Time spent auto-exploring this place.
 F = Levels seen in this place.
 G = Mean time per level.
                   A        B        C        D        E       F      G
               +--------+--------+--------+--------+--------+-----+--------+
         Total |  11234 |  10920 |    314 |    539 |   7963 |  15 |  748.9 |
       Dungeon |  10353 |  10069 |    284 |    439 |   7658 |  12 |  862.8 |
        Temple |     32 |      2 |     30 |      0 |      0 |   1 |   32.0 |
      Ice Cave |    326 |    326 |      0 |    100 |     73 |   1 |  326.0 |
      Gauntlet |    521 |    521 |      0 |      0 |    232 |   1 |  521.0 |
               +--------+--------+--------+--------+--------+-----+--------+

Top non-repeatable levels by time:
    D:11: 1289 daAuts
     D:5: 1171 daAuts
     D:3: 1100 daAuts
     D:2: 1097 daAuts
    D:12: 937 daAuts
     D:6: 921 daAuts
     D:4: 846 daAuts
     D:9: 741 daAuts
     D:7: 614 daAuts
     D:8: 583 daAuts
    D:10: 525 daAuts
     D:1: 523 daAuts
Gauntlet: 521 daAuts
   IceCv: 326 daAuts
  Temple: 32 daAuts
